 Dungeon Crawl Stone Soup version 0.27.1-2-g3b301248ec (webtiles) character file.

Game seed: 15703713108749645366

2856 DearestLeader the Destroyer (level 9, -4/55 (57) HPs)
             Began as an Octopode Conjurer on Sept 30, 2021.
             Was a Follower of Ru.
             Slain by a centaur warrior (14 damage)
             ... on level 8 of the Dungeon.
             The game lasted 00:24:09 (10674 turns).

DearestLeader the Destroyer (Octopode Conjurer)    Turns: 10674, Time: 00:24:09

HP:   -4/55 (57)    AC:  1    Str:  6    XL:     9   Next: 75%
MP:   11/13         EV: 14    Int: 21    God:    Ru [*.....]
Gold: 502           SH:  0    Dex: 13    Spells: 3/13 levels left

rFire    . . .     SeeInvis .   B - +2 dagger (drain)
rCold    . . .     Faith    .   (no shield)
rNeg     . . .     Spirit   .   (helmet restricted)
rPois    .         Reflect  .   (no amulet)
rElec    .         Harm     .   r - ring of resist corrosion
rCorr    +         Rampage  .   (no ring)
Will     .....                  (no ring)
Stlth    +++++.....             (no ring)
HPRegen  0.18/turn              (no ring)
MPRegen  0.13/turn              (no ring)
                                (no ring)
                                (no ring)

@: unable to drink, lightly drained
A: no potions, almost no armour, amphibious, 8 rings, camouflage 1, gelatinous
body 1, inability to drink while threatened, (nimble swimmer 1), tentacles
a: Renounce Religion


You were on level 8 of the Dungeon.
You worshipped Ru.
Ru was aware of your devotion.
You visited 1 branch of the dungeon, and saw 9 of its levels.

You collected 502 gold pieces.

Inventory:

Hand Weapons
 j - a +0 dagger of venom
 u - a +2 whip of venom
 B - a +2 dagger of draining (weapon)
Missiles
 k - 16 sling bullets
 m - 41 poisoned darts (quivered)
Magical Staves
 t - a staff of air
Jewellery
 a - a ring of fire
 r - a ring of resist corrosion (left tentacle)
Wands
 z - a wand of iceblast (3)
 C - a wand of polymorph (4)
 D - a wand of mindburst (16)
Scrolls
 b - a scroll of fog {unknown}
 c - a scroll of noise {unknown}
 d - a scroll of silence {unknown}
 h - a scroll of teleportation
 l - 4 scrolls of immolation
 n - 3 scrolls of enchant armour
 o - 2 scrolls of enchant weapon
 q - a scroll of brand weapon {unknown}
 v - a scroll of amnesia {unknown}
 w - 3 scrolls of blinking
 y - a scroll of vulnerability {unknown}
 A - a scroll of torment {unknown}
Potions
 e - a potion of haste
 f - 2 potions of lignification {unknown}
 g - 2 potions of attraction
 i - a potion of mutation
 p - 2 potions of might {unknown}
 s - a potion of invisibility {unknown}
 x - 2 potions of curing {unknown}


   Skills:
 + Level 3.6 Fighting
 * Level 1.0 Short Blades
 - Level 4.0 Dodging
 + Level 7.5 Stealth
 + Level 2.7 Spellcasting
 * Level 10.1 Conjurations
 - Level 5.0 Hexes


You had 3 spell levels left.
You knew the following spells:

 Your Spells              Type           Power      Damage    Failure   Level
a - Magic Dart            Conj           100%       1d8       1%          1
b - Searing Ray           Conj           90%        3d6       1%          2
c - Fulminant Prism       Conj/Hex       17%        3d11      6%          4
d - Dazzling Flash        Conj/Hex       68%        N/A       1%          3

Your spell library contained the following spells:

 Spells                   Type           Power      Damage    Failure   Level
 Summon Small Mammal      Summ           8%         N/A       14%         1
 Summon Guardian Golem    Hex/Summ       13%        N/A       14%         3
 Corpse Rot               Necr/Air       N/A        N/A       21%         2
 Poisonous Vapours        Pois/Air       4%         N/A       21%         2
 Call Canine Familiar     Summ           2%         N/A       38%         3
 Frozen Ramparts          Ice            4%         1d2       38%         3
 Iskenderun's Mystic Bla  Conj/Tloc      24%        2d7       17%         4
 Freezing Cloud           Conj/Ice/Air   8%         6-21      67%         5
 Dispel Undead            Necr           2%         3d7       80%         4
 Ice Form                 Ice/Tmut       2%         N/A       80%         4
 Summon Ice Beast         Ice/Summ       2%         N/A       80%         4
 Death Channel            Necr           1%         N/A       100%        6


Dungeon Overview and Level Annotations

Branches:
Dungeon (9/15)             Temple (0/1) D:5
   Lair: D:8-11         Orc: D:9-12

Altars:
Kikubaaqudgha
Ru
Wu Jian
Beogh

Shops:
D:1 *


Innate Abilities, Weirdness & Mutations

You cannot drink.
You cannot wear most types of armour.
You are amphibious.
You can wear up to eight rings at the same time.
Your skin changes colour to match your surroundings (Stealth+).
Your rubbery body absorbs attacks. (AC +1, EV +1)
You sometimes lose the ability to drink potions when taking damage.
((You are camouflaged near water. (Stealth+)))
You have tentacles for arms and can constrict up to eight enemies at once.


Message History

The wight misses you.
The searing ray hits the wight.
The wight is almost destroyed.
The wight hits you with a +4 morningstar!!
* * * LOW HITPOINT WARNING * * *
Unknown command.
The searing ray hits the wight!
You destroy the wight!
Your Short Blades skill increases to level 1!
Things that are here:
a +4 morningstar; a +0 robe You can drink potions again.
HP restored.
You now have 502 gold pieces (gained 11).
A centaur warrior comes into view.
The centaur warrior shouts!
You hear a shout!
The centaur warrior hits you. The centaur warrior misses you.
You hit the centaur warrior. You drain the centaur warrior.
The centaur warrior is lightly wounded.
The centaur warrior hits you. The centaur warrior misses you.
The centaur warrior hits you! The centaur warrior kicks you.
You feel threatened and lose the ability to drink potions!
You barely miss the centaur warrior.
The centaur warrior is lightly wounded.
The centaur warrior hits you! The centaur warrior kicks you.
Casting: Searing Ray (safe; 1% risk of failure)
Confirm with . or Enter, or press ? or * to list all spells.
Aiming: Searing Ray (safe; 1% risk of failure)
Press: ? - help, Shift-Dir - straight line, f - centaur warrior
Aim: a centaur warrior, quivering arrows (lightly wounded, lightly drained, 87% to hit)
The searing ray hits the centaur warrior.
The centaur warrior is lightly wounded. (Press . to maintain the ray.)
The centaur warrior hits you!
* * * LOW HITPOINT WARNING * * *
The centaur warrior kicks you.
* * * LOW HITPOINT WARNING * * *
An orc comes into view. It is wielding a +0 short sword.
The centaur warrior hits you!
You die...

#)...
########+..#.#.
...# #..#...
...# #..##..
#..# #..##..
#..# #.###..
###..# #.# #..
o...# #.# #..
#c.# #.# #..
#@# .# #..
#.+########+.#
#..
#............#
#..
###..........#
##.
#..........# #.
#..........# #.
.............#
##
####.........#
#........)#


You could see a centaur warrior (drained) and an orc.

Vanquished Creatures
  Pikel (D:7)
  A shadow (D:7)
  A water moccasin (D:6)
  A sky beast (D:6)
  2 black bears
  An ice beast (D:5)
  2 ogres
  2 lemures (D:7)
  4 scorpions
  2 water moccasin zombies
  4 wights (D:8)
  2 howler monkeys
  2 jellies (D:5)
  5 hounds
  2 centaur skeletons
  5 orc priests
  A bullfrog skeleton (D:5)
  2 gnoll shamans (D:7)
  2 iguanas (D:6)
  4 orc wizards
  2 killer bee zombies
  A howler monkey zombie (D:8)
  Robin (D:3)
  12 gnolls
  4 adders
  A howler monkey skeleton (D:6)
  A shadow imp (D:6)
  A white imp (D:6)
  An ufetubus (D:5)
  An adder skeleton (D:5)
  4 worms
  2 dart slugs
  13 orcs
  4 endoplasms
  A giant cockroach (D:4)
  15 goblins
  9 hobgoblins
  2 jackals (D:3)
  4 quokkas
  4 ball pythons
  4 bats
  A frilled lizard (D:1)
  3 kobolds
  4 rats
141 creatures vanquished.

Vanquished Creatures (others)
  8 fulminant prisms
  A fungus (D:2)
9 creatures vanquished.

Grand Total: 150 creatures vanquished

Notes
Turn   | Place    | Note
-------+----------+-------------------------------------------
     0 | D:1      | DearestLeader the Octopode Conjurer began the quest for the
                  | Orb.
     0 | D:1      | Reached XP level 1. HP: 11/11 MP: 3/3
     6 | D:1      | Noticed a salamander
     6 | D:1      | Noticed a killer bee
     7 | D:1      | Noticed a swamp drake
     7 | D:1      | Noticed a polar bear
    86 | D:1      | Reached XP level 2. HP: 17/17 MP: 0/5
   176 | D:1      | Found Aniniabo's General Store.
   282 | D:1      | You fall into a shaft and drop 1 floor!
   451 | D:1      | Learned a level 2 spell: Searing Ray
  1101 | D:2      | Reached XP level 3. HP: 21/21 MP: 6/6
  1118 | D:2      | Found a faded altar of an unknown god.
  1964 | D:3      | Reached skill level 5 in Conjurations
  2107 | D:3      | Reached XP level 4. HP: 23/27 MP: 7/7
  2211 | D:3      | Noticed Robin
  2280 | D:3      | Killed Robin
  2879 | D:3      | Noticed an ogre
  2883 | D:3      | Reached XP level 5. HP: 31/31 MP: 8/8
  2943 | D:3      | Killed an ogre
  2944 | D:3      | Reached skill level 5 in Stealth
  3200 | D:3      | Reached skill level 6 in Conjurations
  3761 | D:4      | Reached XP level 6. HP: 31/36 MP: 9/9
  3882 | D:4      | Identified the +6 trident of the Foremost Beggars
                  | {antimagic, Str+2}
  4270 | D:4      | Learned a level 4 spell: Fulminant Prism
  4764 | D:5      | Entered Level 5 of the Dungeon
  4774 | D:5      | Reached skill level 1 in Hexes
  4780 | D:5      | Reached XP level 7. HP: 27/41 MP: 5/10
  5071 | D:5      | Reached skill level 7 in Conjurations
  5265 | D:5      | Found a sacrificial altar of Ru.
  5300 | D:5      | Became a worshipper of Ru the Awakened
  5873 | D:5      | Reached XP level 8. HP: 34/46 MP: 0/11
  6186 | D:5      | Reached skill level 8 in Conjurations
  6259 | D:5      | Found a staircase to the Ecumenical Temple.
  6302 | D:5      | Found an ornate altar of the Wu Jian Council.
  6562 | D:6      | Learned a level 3 spell: Dazzling Flash
  6734 | D:6      | Reached skill level 1 in Fighting
  6929 | D:6      | Reached skill level 9 in Conjurations
  7271 | D:6      | Reached XP level 9. HP: 54/54 MP: 7/12
  7498 | D:6      | Gained mutation: You sometimes lose the ability to drink
                  | potions when taking damage. [Ru sacrifice]
  7498 | D:6      | Reached * piety under Ru
  7662 | D:7      | Noticed Pikel
  8586 | D:7      | Found an ancient bone altar of Kikubaaqudgha.
  9490 | D:7      | Killed Pikel
  9491 | D:7      | Reached skill level 10 in Conjurations
  9491 | D:7      | Reached skill level 5 in Hexes
  9917 | D:8      | You fall into a shaft and drop 1 floor!
  9918 | D:9      | Noticed a two-headed ogre
  9959 | D:9      | Noticed a two-headed ogre
 10435 | D:8      | Reached skill level 1 in Short Blades
 10667 | D:8      | Noticed a centaur warrior
 10674 | D:8      | Slain by a centaur warrior

Illustrated notes

Levels and vault maps discovered:
D:1:      onia_arrival_zoo_common, layout_loops_ring, serial_shops,
          nicolae_square_shop
D:2:      layout_basic, shapermc_ecumenical_altar_gd, kennysheep_generic_room_6
D:3:      layout_loops_corners, minivault_23, kennysheep_donut, uniq_robin
D:4:      layout_cave_pods, minivault_4, kennysheep_orc_chapel
D:5:      layout_cave_pools, pdpol_wu_jian_five_deadly_venoms,
          mainiacjoe_overflow_small_starburst, minmay_temple_entry_slanted,
          minmay_stone_trees_large, kennysheep_generic_room_8
D:6:      layout_gridville, chequers_arboretum, minmay_starry_boxes
D:7:      layout_cave_pods, mainiacjoe_overflow_alcove_1, uniq_pikel
D:8:      layout_basic, lemuel_round_altar, minivault_11
D:9:      layout_cross, chequers_temple_overflow_statue_of_worship,
          erik_lair_orcish_takeover

Skill      XL: |  1  2  3  4  5  6  7  8  9 |
---------------+----------------------------+-----
Stealth        | 3 4 5 6 7 |  7.5
Conjurations   | 5 6 7 9 10 | 10.1
Dodging        | 3 4 |  4.0
Hexes          | 1 2 4 5 |  5.0
Fighting       | 2 3 |  3.6
Short Blades   | 1 |  1.0
Spellcasting   | |  2.7

Action                   |  1- 3 |  4- 6 |  7- 9 || total
-------------------------+-------+-------+-------++-------
Melee: Dagger            |    27 |    53 |    31 ||   111
       Constrict         |     8 |    14 |    15 ||    37
       Tentacles         |     5 |     6 |    17 ||    28
       Whip              |       |     8 |    61 ||    69
Throw: Dart              |       |       |     1 ||     1
 Cast: Magic Dart        |    34 |     9 |    10 ||    53
       Searing Ray       |     1 |    11 |    40 ||    52
       Fulminant Prism   |       |       |     8 ||     8
Invok: Sacrifice Drink   |       |       |     1 ||     1
  Use: Potion            |       |     2 |       ||     2
       Scroll            |       |       |     8 ||     8
 Stab: Sleeping          |     8 |     5 |     6 ||    19
       Distracted        |       |       |     1 ||     1
Armor: Skin              |       |     7 |    12 ||    19
Dodge: Dodged            |     7 |    60 |    76 ||   143
